 Dungeon Crawl Stone Soup version 0.26.0-16-gc1dbca0489 (webtiles) character file.

Game seed: 43583047903840950

137 shakesphere1979 the Skirmisher (level 5, -5/42 HPs)
             Began as a Demonspawn Chaos Knight on Jan 18, 2021.
             Was a Plaything of Xom.
             Slain by a scorpion (6 damage)
             ... on level 3 of the Dungeon.
             The game lasted 00:06:32 (3032 turns).

shakesphere1979 the Skirmisher (DsCK)               Turns: 3032, Time: 00:06:33

Health: -5/42      AC:  7    Str: 13    XL:     5   Next: 0%
Magic:  0/5        EV: 11    Int: 14    God:    Xom [..*...]
Gold:   110        SH:  3    Dex: 12    Spells: 4/4 levels left

rFire    + . .     SeeInvis .   a - +0 mace (chaos)
rCold    . . .     Faith    .   f - +0 buckler
rNeg     . . .     Spirit   +   b - +2 leather armour
rPois    .         Reflect  .   (no helmet)
rElec    .         Harm     .   o - scarf {repulsion}
rCorr    .         Rampage  .   (no gloves)
Will     .....                  (no boots)
Stlth    +.........             (no amulet)
HPRegen  0.14/turn              (no ring)
MPRegen  0.09/turn              (no ring)

@: brilliant, lethally poisoned (-5 -> -8), very slightly contaminated, hasted,
invisible, repel missiles, very quick
A: yellow scales 1, fire resistance 1, magic shield, flame cloud immunity
a: Renounce Religion


You were on level 3 of the Dungeon.
You worshipped Xom.
You were a toy of Xom.
You visited 1 branch of the dungeon, and saw 4 of its levels.

You collected 110 gold pieces.

Inventory:

Hand Weapons
 a - a +0 mace of chaos (weapon)
 k - a +0 halberd
Missiles
 c - 43 poisoned darts (quivered)
 j - 2 curare-tipped darts
 l - 37 arrows
 n - 88 stones
 p - 17 sling bullets
 s - a throwing net
Armour
 b - a +2 leather armour (worn)
 f - a +0 buckler (worn)
 o - a scarf of repulsion (worn)
Jewellery
 q - an uncursed amulet of the acrobat {unknown}
Scrolls
 d - 2 scrolls of amnesia {unknown}
 e - a scroll of fog {unknown}
 g - 7 scrolls of identify {unknown}
 h - a scroll of immolation {unknown}
 i - 2 scrolls of remove curse {unknown}
 u - 2 scrolls of teleportation {unknown}
Potions
 m - a potion of invisibility
 t - a potion of brilliance


   Skills:
 + Level 4.1 Fighting
 - Level 2.6 Maces & Flails
 + Level 3.1 Armour
 + Level 2.5 Dodging


You had 4 spell levels left.
You didn't know any spells.
Your spell library was empty.

Dungeon Overview and Level Annotations

Branches:
Dungeon (4/15)
 Temple: D:4-7

Altars:
Ashenzari
Elyvilon
Hepliaklqana
Okawaru
Sif Muna
Wu Jian
Yredelemnul


Innate Abilities, Weirdness & Mutations

You are partially covered in yellow scales. (AC +2)
Your flesh is heat resistant. (rF+)
When hurt, damage is shared between your health and your magic reserves.
You are immune to clouds of flame.


Message History

Reactivating autopickup.
* * * LOW HITPOINT WARNING * * *
You feel sick. "Let's try an experiment, hmmm?"
Your eyebrows wriggle.
There is a stone staircase leading down here.
It was a potion of invisibility.
You fade into invisibility!
Xom thinks this is hilarious!
You are very lightly contaminated with residual magic.
It was a potion of brilliance.
You feel clever all of a sudden.
* * * LOW HITPOINT WARNING * * *
You feel sick.
It was a potion of haste.
You feel yourself speed up.
Deactivating autopickup; reactivate with Ctrl-A.
You barely miss something.
* * * LOW HITPOINT WARNING * * *
You feel sick. Something stings you!
You die...

#.#######.######
##.##...........#
######[.†..####.####.#
........#### #.# #.#
######..#######.# #.#
#..........####.#
#.####..........#
#.####.#############
##..........@>.>....#
#............######.#
#..####.####.## #.#
#####..####.###...## #.#
....>..##...##.#.#.####.#######
#####.###......).......#......#
################.#.####.#####.#
..................## #.# #(#
..#...#...#...##.## #.# #.#


There were no monsters in sight!

Vanquished Creatures
  A gnoll (D:1)
  6 adders
  An ooze (D:2)
  2 worms
  A dart slug (D:1)
  3 leopard geckos (D:1)
  7 bats
  4 giant cockroaches
  6 hobgoblins
  3 jackals (D:2)
  3 quokkas (D:2)
  A ball python (D:2)
  4 frilled lizards
  6 goblins
  6 kobolds
  7 rats
61 creatures vanquished.

Notes
Turn   | Place    | Note
-------+----------+-------------------------------------------
     0 | D:1      | shakesphere1979 the Demonspawn Chaos Knight began the quest
                  | for the Orb.
     0 | D:1      | Reached XP level 1. HP: 18/18 MP: 1/1
   118 | D:1      | Reached skill level 1 in Dodging
   254 | D:1      | XOM: silly message
   340 | D:1      | Gained mutation: When hurt, damage is shared between your
                  | health and your magic reserves. [demonic ancestry]
   340 | D:1      | Reached XP level 2. HP: 13/24 MP: 2/2
   441 | D:1      | XOM: silly message
   498 | D:1      | XOM: confuse monster(s)
   569 | D:1      | Found a broken altar of Ashenzari.
   722 | D:1      | Gained mutation: Your flesh is heat resistant. (rF+)
                  | [demonic ancestry]
   722 | D:1      | Reached XP level 3. HP: 15/29 MP: 3/3
  1523 | D:2      | Found a shimmering blue altar of Sif Muna.
  1523 | D:2      | Found a hazy altar of Hepliaklqana.
  1688 | D:2      | Found a basalt altar of Yredelemnul.
  1732 | D:2      | XOM: enchant monster (bad)
  1740 | D:2      | XOM: snakes to sticks
  1771 | D:2      | Found a white marble altar of Elyvilon.
  1823 | D:2      | XOM: noise
  1958 | D:2      | XOM: confuse monster(s)
  1967 | D:2      | Gained mutation: You are immune to clouds of flame.
                  | [demonic ancestry]
  1967 | D:2      | Reached XP level 4. HP: 33/37 MP: 2/4
  2266 | D:3      | XOM: chaos upgrade
  2329 | D:3      | Reached skill level 4 in Fighting
  2664 | D:3      | Found an iron altar of Okawaru.
  2891 | D:3      | Found an ornate altar of the Wu Jian Council.
  2933 | D:3      | Gained mutation: You are partially covered in yellow
                  | scales. (AC +2) [demonic ancestry]
  2933 | D:3      | Reached XP level 5. HP: 42/42 MP: 5/5
  3027 | D:3      | HP: 2/42 [poisoned by a scorpion]
  3027 | D:3      | XOM: silly message
  3032 | D:3      | HP: 1/42 [poisoned by a scorpion]
  3032 | D:3      | Slain by a scorpion

Illustrated notes

Levels and vault maps discovered:
D:1:      dpeg_arrival_radiant, layout_rooms, evilmike_ruin_ashenzari
D:2:      wander_river, layout_rooms, gammafunk_temple_overflow_wave,
          marbit_many_paths, elyvilon_altar_3
D:3:      layout_loops_ring, nzn_wu_jian_contemplation,
          lemuel_coloured_pillars_altar
D:4:      cheibrodos_thug_alley, layout_rooms

Skill      XL: |  1  2  3  4 |
---------------+-------------+-----
Dodging        | 1 2 |  2.5
Armour         | 2 3 |  3.1
Fighting       | 4 |  4.1
Maces & Flails | |  2.6

Action                   |  1- 3 |  4- 6 || total
-------------------------+-------+-------++-------
Melee: Mace              |   166 |    60 ||   226
  Use: Potion            |       |     3 ||     3
 Stab: Confused          |     2 |       ||     2
       Paralysed         |       |     1 ||     1
Armor: Leather armour    |    83 |    10 ||    93
Dodge: Dodged            |   109 |    31 ||   140
Block: Buckler           |    20 |    10 ||    30
